 Dungeon Crawl Stone Soup version 0.26.0-7-g794d0892b4 (webtiles) character file.

Game seed: 9013318329091874517

513 vvl the Skirmisher (level 7, -1/64 HPs)
             Began as a Hill Orc Fighter on Jan 11, 2021.
             Slain by a human skeleton (3 damage)
             ... on level 4 of the Dungeon.
             The game lasted 00:04:45 (1652 turns).

vvl the Skirmisher (Hill Orc Fighter)               Turns: 1652, Time: 00:04:45

Health: -1/64      AC:  7    Str: 21    XL:     7   Next: 20%
Magic:  7/7        EV:  7    Int:  8    God:
Gold:   53         SH:  9    Dex: 10    Spells: 6/6 levels left

rFire    . . .     SeeInvis .   a - +0 war axe
rCold    . . .     Faith    .   c - +0 kite shield
rNeg     . . .     Spirit   .   b - +0 scale mail
rPois    .         Reflect  .   (no helmet)
rElec    .         Harm     .   (no cloak)
rCorr    .         Rampage  .   (no gloves)
Will     .....                  (no boots)
Stlth    ..........             (no amulet)
HPRegen  0.20/turn              (no ring)
MPRegen  0.10/turn              (no ring)

@: no status effects
A: no striking features
a: no special abilities


You were on level 4 of the Dungeon.
You visited 1 branch of the dungeon, and saw 4 of its levels.

You collected 53 gold pieces.

Inventory:

Hand Weapons
 a - a +0 war axe (weapon)
 e - a +3 whip
Armour
 b - a +0 scale mail (worn)
 c - a +0 kite shield (worn)
Jewellery
 l - an uncursed ring of flight {unknown}
Scrolls
 f - 2 scrolls of identify {unknown}
 g - a scroll of enchant weapon {unknown}
 h - a scroll of blinking {unknown}
 k - 3 scrolls of amnesia {unknown}
Potions
 d - a potion of might
 i - a potion of mutation {unknown}
 j - 2 potions of brilliance {unknown}
 m - a potion of ambrosia {unknown}


   Skills:
 * Level 6.6 Fighting
 + Level 5.0 Axes
 + Level 4.8 Armour
 + Level 4.8 Shields


You had 6 spell levels left.
You didn't know any spells.
Your spell library was empty.

Dungeon Overview and Level Annotations

Branches:
Dungeon (4/15)             Temple (0/1) D:4

Altars:

Annotations:
D:4 2 runed translucent doors


Message History

The human skeleton is moderately damaged.
You block the human skeleton's attack.
You slash the human skeleton!
The human skeleton is heavily damaged.
The human skeleton hits you but does no damage.
You hit the human skeleton.
The human skeleton is heavily damaged.
The human skeleton hits you.
* * * LOW HITPOINT WARNING * * *
You hit the human skeleton.
The human skeleton is severely damaged.
The human skeleton hits you.
* * * LOW HITPOINT WARNING * * *
You closely miss the human skeleton.
The human skeleton is severely damaged.
The human skeleton hits you but does no damage.
You hit the human skeleton.
The human skeleton is severely damaged.
The human skeleton hits you.
You die...

#.....#
#.##.
#######
#.##. #.##.
..##. ### .
#########
#.#.#.'.#
#'#'#'###
#.'.Z@'.#
###...###
###.'...'.#
#.###'#'#'#
###
#.'...#.#.#
#. ..#
#.#########
#. #.# #.#
##.##.# #.#
#..##.# #.#


You could see a human skeleton.

Vanquished Creatures
  An elf zombie (D:4)
  2 elf skeletons (D:4)
  A scorpion (D:4)
  An orc wizard (D:4)
  A bullfrog skeleton (D:4)
  3 human skeletons (D:4)
  An iguana (D:4)
  4 worker ants (D:4)
  An adder skeleton (D:4)
  2 leopard geckos
  7 orcs
  3 giant cockroaches
  2 goblins (D:3)
  4 jackals (D:3)
  A kobold (D:3)
  A quokka (D:3)
  A bat (D:3)
  A frilled lizard (D:4)
  An orc skeleton (D:4)
  3 orc zombies (D:4)
  2 rats
43 creatures vanquished.

Notes
Turn   | Place    | Note
-------+----------+-------------------------------------------
     0 | D:1      | vvl the Hill Orc Fighter began the quest for the Orb.
     0 | D:1      | Reached XP level 1. HP: 19/19 MP: 1/1
   231 | D:3      | Reached XP level 2. HP: 26/27 MP: 2/2
   238 | D:3      | Reached skill level 4 in Fighting
   498 | D:3      | Reached XP level 3. HP: 25/33 MP: 3/3
   682 | D:4      | Reached XP level 4. HP: 40/41 MP: 4/4
   899 | D:4      | Found a staircase to the Ecumenical Temple.
   914 | D:4      | Reached skill level 5 in Fighting
  1098 | D:4      | Reached XP level 5. HP: 16/48 MP: 5/5
  1476 | D:4      | Found a large runed translucent door.
  1477 | D:4      | Found a large runed translucent door.
  1482 | D:4      | Noticed a phantom
  1505 | D:4      | Reached XP level 6. HP: 57/57 MP: 6/6
  1571 | D:4      | Reached skill level 6 in Fighting
  1599 | D:4      | Reached XP level 7. HP: 26/64 MP: 7/7
  1623 | D:4      | HP: 3/64 [elf zombie (5)]
  1628 | D:4      | Reached skill level 5 in Axes
  1650 | D:4      | HP: 2/64 [human skeleton (6)]
  1652 | D:4      | Slain by a human skeleton

Illustrated notes

Levels and vault maps discovered:
D:1:      dpeg_arrival_ratfight, layout_loops_ring, evilmike_ruin_ashenzari
D:2:      layout_basic, minmay_bisected, uniq_crazy_yiuf_cottage
D:3:      layout_rooms, old_standard_altar, corner_web_ring,
          corexii_item_surrounded_by_moat
D:4:      layout_loops_ring, temple_green, nicolae_ossuary_entry_catacombs,
          minmay_hollow_rounded_squares

Skill      XL: |  1  2  3  4  5  6  7 |
---------------+----------------------+-----
Fighting       | 4 5 6 |  6.6
Axes           | 3 4 5 |  5.0
Armour         | 4 |  4.8
Shields        | 4 |  4.8

Action                   |  1- 3 |  4- 6 |  7- 9 || total
-------------------------+-------+-------+-------++-------
Melee: Whip              |    17 |       |       ||    17
       War axe           |    65 |   106 |    26 ||   197
Armor: Scale mail        |    31 |    49 |     9 ||    89
Dodge: Dodged            |    28 |    26 |     6 ||    60
Block: Kite shield       |    44 |    56 |     6 ||   106
